 Seeded DCSS version 0.28-a0-1447-ga5a8893891 (webtiles) character file.

Game seed: 20220111 (custom seed)

2094 flotson the Skirmisher (level 9, -4/68 HPs)
             Began as a Demonspawn Gladiator on Jan 11, 2022.
             Was an Initiate of Gozag.
             Slain by a troll (11 damage)
             ... on level 7 of the Dungeon.
             The game lasted 00:14:55 (10151 turns).

flotson the Skirmisher (Demonspawn Gladiator)      Turns: 10151, Time: 00:14:57

Health: -4/68      AC: 17    Str: 18    XL:     9   Next: 7%
Magic:  9/9        EV: 11    Int:  9    God:    Gozag
Gold:   186        SH:  0    Dex: 16    Spells: 8/8 levels left

rFire   . . .      SeeInvis +   b - +1 dagger (venom)
rCold   . . .      Faith    .   n - orb {mayhem}
rNeg    + . .      Spirit   .   z - +0 storm dragon scales
rPois   .          Reflect  .   c - +0 helmet
rElec   +          Harm     .   J - +2 cloak
rCorr   .          Rampage  .   (no gloves)
Will    .....                   A - +0 pair of boots
Stlth   ..........              K - amulet of regeneration
HPRegen 1.01/turn               k - ring of positive energy
MPRegen 0.11/turn               g - ring of see invisible

@: gold aura
A: claws 1, repulsion field 1, ignite blood 1, powered by death 1
a: Renounce Religion, Potion Petition, Call Merchant, Bribe Branch


You were on level 7 of the Dungeon.
You worshipped Gozag.
Gozag was aware of your devotion.
You visited 2 branches of the dungeon, and saw 8 of its levels.
You also visited: Sewer.

You collected 462 gold pieces.
You spent 108 gold pieces at shops.
You paid 168 gold pieces to Gozag.

Inventory:

Hand Weapons
 a - a +0 dagger of draining
 b - a +1 dagger of venom (weapon)
 q - a +0 war axe
 r - a +0 trident
Missiles
 d - 3 throwing nets (quivered)
 l - 61 sling bullets
 p - 38 poisoned darts
 s - a curare-tipped dart
 E - 5 atropa-tipped darts
Armour
 c - a +0 helmet (worn)
 n - an orb of mayhem (worn)
 z - +0 storm dragon scales (worn)
 A - a +0 pair of boots (worn)
 I - a +0 plate armour of cold resistance
 J - a +2 cloak (worn)
Jewellery
 g - a ring of see invisible (right claw)
 k - a ring of positive energy (left claw)
 K - an amulet of regeneration (around neck)
Wands
 x - a wand of acid (9)
 B - a wand of iceblast (13)
Scrolls
 f - 2 scrolls of identify
 i - a scroll of fear
 j - a scroll of fog {unknown}
 v - a scroll of enchant armour {unknown}
 w - a scroll of magic mapping {unknown}
 y - 2 scrolls of teleportation
 C - a scroll of blinking {unknown}
 D - 2 scrolls of immolation {unknown}
 G - a scroll of noise {unknown}
 L - a scroll of vulnerability {unknown}
Potions
 e - 2 potions of cancellation
 h - 2 potions of attraction
 m - a potion of ambrosia
 o - 2 potions of curing
 t - 5 potions of flight
 u - 4 potions of heal wounds
 F - a potion of might
 H - 3 potions of mutation {unknown}


   Skills:
 + Level 5.3 Fighting
 + Level 5.2 Axes
 + Level 4.9 Throwing
 + Level 4.3 Armour
 + Level 5.3 Dodging
 + Level 3.6 Evocations


You had 8 spell levels left.
You didn't know any spells.
Your spell library contained the following spells:

 Spells                   Type           Power      Damage    Failure   Level
 Animate Skeleton         Necr           0%         N/A       99%         1
 Pain                     Necr           0%         1d4       99%         1
 Sting                    Tmut/Pois      0%         1d3       99%         1
 Corpse Rot               Necr/Air       0%         N/A       100%        2
 Poisonous Vapours        Pois/Air       0%         N/A       100%        2
 Frozen Ramparts          Ice            0%         1d2       100%        3
 Vampiric Draining        Necr           0%         2d6       100%        3
 Airstrike                Air            0%         N/A       100%        4
 Ice Form                 Ice/Tmut       0%         N/A       100%        4
 Olgreb's Toxic Radiance  Pois           0%         N/A       100%        4
 Summon Ice Beast         Ice/Summ       0%         N/A       100%        4
 Summon Lightning Spire   Summ/Air       0%         N/A       100%        4
 Lightning Bolt           Conj/Air       0%         1d11      100%        5


Dungeon Overview and Level Annotations

Branches:
Dungeon (7/15)             Temple (1/1) D:7           Sewer (visited)

Altars:
Ashenzari
Cheibriados
Dithmenos
Elyvilon
Fedhas
Gozag
Hepliaklqana
Kikubaaqudgha
Makhleb
Nemelex Xobeh
Okawaru
Qazlal
Sif Muna
Trog
Uskayaw
Wu Jian
Xom
Yredelemnul
Zin
The Shining One

Shops:
D:3 :   D:6 *::(

Annotations:
D:3 2 transporters, southernslant's ghost, novice GrGl


Innate Abilities, Weirdness & Mutations

You have sharp fingernails.
You are surrounded by a mild repulsion field. (EV +2)
Your demonic aura sometimes causes spilled blood to erupt in flames.
You regenerate a little health from kills.


Message History

The water moccasin is moderately wounded.
You feel sick. The water moccasin closely misses you.
The water moccasin bites you but does no damage.
You closely miss the water moccasin.
The water moccasin is heavily wounded.
You feel sick. The water moccasin bites you.
You feel sick.
You feel sick.
You are no longer poisoned.
You kill the water moccasin!
The troll flies into a frenzy!
The troll shouts!
The troll shouts!
The troll bites you but does no damage. The troll closely misses you. x2
Throw: 4 throwing nets
Press: ? - help, Q - select action, (/) - cycle Shift-Dir - straight line, f - troll
Aim: a troll (fast, strong, frenzied and insane, 64% to hit)
You throw a throwing net. The throwing net hits the troll.
The troll is caught in the net!
The troll struggles against the net.
You hit the troll but do no damage.
The troll is poisoned.
The troll is distracted by your dazzling golden aura.
The troll struggles against the net.
You hit the troll but do no damage.
The troll looks as sick as possible!
The troll is no longer distracted by gold.
The troll is lightly wounded.
The troll struggles against the net. x2
You hit the troll but do no damage.
The troll looks as sick as possible!
The troll is lightly wounded.
The troll struggles against the net.
The net rips apart, and the troll comes free!
You barely miss the troll.
The troll is lightly wounded.
The troll bites you! The troll claws you. The troll claws you!
* * * LOW HITPOINT WARNING * * *
The troll bites you!
* * * LOW HITPOINT WARNING * * *
The troll claws you!
You die...
Your body crumbles into a pile of gold.

### #<# #@#
######## #T#
#......# #.#
#####.####.#####.#
.........#....(#.#
#####.##.#####.#.#
#.##.#.....#.#
#.#..#.#####.#
##### ####.#(##.#
#.# #...#


You could see a neutral troll (fast, strong, insane, extremely poisoned).

Vanquished Creatures
  2 water moccasins (D:7)
  A black bear (D:5)
  A necrophage (D:4)
  2 ogres
  2 centaurs (D:6)
  2 kobold brigands (Sewer)
  Blork the orc (D:6)
  2 scorpions
  6 killer bees (D:6)
  An electric eel (D:6)
  2 centaur zombies (D:6)
  3 hounds
  3 orc priests
  2 jellies
  3 bullfrog skeletons
  A centaur skeleton (D:5)
  A gnoll shaman (D:5)
  2 iguanas (D:5)
  2 orc wizards (D:5)
  A killer bee zombie (D:6)
  3 gnolls (D:5)
  7 adders
  A white imp (D:7)
  An adder skeleton (D:4)
  A worm (D:4)
  2 dart slugs
  14 orcs
  10 endoplasms
  2 giant cockroaches
  5 goblins
  4 hobgoblins
  11 kobolds
  2 quokkas (D:1)
  6 ball pythons
  6 bats
  5 frilled lizards
  7 rats
127 creatures vanquished.

Vanquished Creatures (collateral kills)
  An ufetubus (D:4)
  An adder skeleton (D:5)
  3 orcs
5 creatures vanquished.

Vanquished Creatures (others)
  2 orcs
2 creatures vanquished.

Grand Total: 134 creatures vanquished

Notes
Turn   | Place    | Note
-------+----------+-------------------------------------------
     0 | D:1      | flotson the Demonspawn Gladiator began the quest for the
                  | Orb.
     0 | D:1      | Reached XP level 1. HP: 16/16 MP: 1/1
   466 | D:1      | Gained mutation: You are surrounded by a mild repulsion
                  | field. (EV +2) [demonic ancestry]
   466 | D:1      | Reached XP level 2. HP: 22/22 MP: 2/2
   792 | D:1      | Found a faded altar of an unknown god.
  1542 | D:2      | Gained mutation: You regenerate a little health from kills.
                  | [demonic ancestry]
  1542 | D:2      | Reached XP level 3. HP: 28/28 MP: 3/3
  1604 | D:2      | Reached skill level 1 in Armour
  2756 | D:3      | Reached XP level 4. HP: 34/34 MP: 4/4
  3015 | D:3      | Found a transporter.
  3023 | D:3      | Found a transporter.
  3083 | D:3      | Noticed southernslant's ghost (novice GrGl)
  3254 | D:3      | Found Yneniu's Book Shop.
  3499 | D:4      | Gained mutation: You have sharp fingernails. [demonic
                  | ancestry]
  3499 | D:4      | Reached XP level 5. HP: 37/40 MP: 5/5
  3586 | D:4      | Found a glowing drain.
  3599 | Sewer    | Entered a sewer
  4113 | Sewer    | Reached XP level 6. HP: 28/47 MP: 6/6
  5389 | D:5      | Entered Level 5 of the Dungeon
  5498 | D:5      | Reached XP level 7. HP: 42/52 MP: 7/7
  5567 | D:5      | Reached skill level 1 in Evocations
  5828 | D:5      | Found an ornate altar of the Wu Jian Council.
  7299 | D:5      | Reached XP level 8. HP: 54/61 MP: 8/8
  7633 | D:6      | Found an iron altar of Okawaru.
  7876 | D:6      | Found Hame's Book Boutique.
  7880 | D:6      | Noticed Blork the orc
  7896 | D:6      | Killed Blork the orc
  8021 | D:6      | Found Qintael's Book Emporium.
  8301 | D:6      | Found a shimmering blue altar of Sif Muna.
  8484 | D:6      | Found Femyjiq's General Store.
  8570 | D:6      | Bought 5 atropa-tipped darts for 36 gold pieces
  8570 | D:6      | Bought a potion of might for 48 gold pieces
  8570 | D:6      | Bought a scroll of identify for 24 gold pieces
  8603 | D:6      | Found a shimmering altar of Xom.
  8635 | D:6      | Reached skill level 5 in Dodging
  8938 | D:6      | Reached skill level 5 in Fighting
  8938 | D:6      | Reached skill level 5 in Axes
  9179 | D:6      | Found Laerakk's Antique Weapon Shoppe.
  9723 | D:7      | Found a shadowy altar of Dithmenos.
  9822 | D:7      | Found a staircase to the Ecumenical Temple.
  9871 | Temple   | Entered the Ecumenical Temple
  9935 | Temple   | Became a worshipper of Gozag Ym Sagoz the Greedy
  9985 | D:7      | Gained mutation: Your demonic aura sometimes causes spilled
                  | blood to erupt in flames. [demonic ancestry]
  9985 | D:7      | Reached XP level 9. HP: 68/68 MP: 9/9
 10106 | D:7      | Noticed a troll
 10151 | D:7      | Slain by a troll

Illustrated notes

Levels and vault maps discovered:
D:1:      dpeg_arrival_more_subterranean_lakeside_camping, layout_basic,
          dreamdust_ecumenical_altar_statues
D:2:      layout_basic
D:3:      layout_loops_cross, gammafunk_ghost_arena, serial_shops,
          nicolae_lakefront_shop, serial_glass, glass_columns_a,
          glass_columns_a, glass_columns_b, glass_columns_a, glass_columns_b,
          glass_columns_b, glass_columns_a, glass_columns_a,
          kennysheep_generic_room_8
D:4:      layout_basic, cheibrodos_sewer_entry_drain, roderic_lattice_a,
          bh_walls_and_bars
D:5:      layout_cave_pods, chequers_temple_overflow_statue_of_worship
D:6:      layout_basic, old_standard_altar, mainiacjoe_overflow_catwalk,
          lemuel_tele_altar, serial_shops, shop, shop, nicolae_lakefront_shop,
          nicolae_lakefront_shop, uniq_blork_the_orc
D:7:      layout_basic, nicolae_dithmenos_shadow_blocks, temple_pool_b,
          kennysheep_small_circle
Temple:   nicolae_temple_great_sept

Skill      XL: |  1  2  3  4  5  6  7  8 |
---------------+-------------------------+-----
Throwing       | 2 3 4 |  4.9
Axes           | 3 4 5 |  5.2
Armour         | 1 2 3 4 |  4.3
Dodging        | 3 4 5 |  5.3
Fighting       | 3 4 5 |  5.3
Evocations     | 2 3 |  3.6

Action                   |  1- 3 |  4- 6 |  7- 9 || total
-------------------------+-------+-------+-------++-------
Melee: War axe           |    52 |       |       ||    52
       Trident           |    82 |    76 |       ||   158
       Punch             |       |     1 |       ||     1
       Dagger            |       |   184 |   387 ||   571
Throw: Dart              |       |    13 |    14 ||    27
       Throwing net      |       |     3 |     2 ||     5
  Use: Scroll            |       |     1 |     7 ||     8
       Potion            |       |       |     2 ||     2
 Stab: Held in net/web   |       |     2 |       ||     2
Armor: Ring mail         |    48 |    44 |       ||    92
       Leather armour    |     6 |       |       ||     6
       Storm dragon scal |       |    28 |   244 ||   272
       Skin              |       |       |    31 ||    31
Dodge: Dodged            |    93 |   156 |   263 ||   512

Table legend: (Time is in decaauts)
 A = Elapsed time spent in this place.
 B = Non-inter-level travel time spent in this place.
 C = Inter-level travel time spent in this place.
 D = Time resting spent in this place.
 E = Time spent auto-exploring this place.
 F = Levels seen in this place.
 G = Mean time per level.
                   A        B        C        D        E       F      G
               +--------+--------+--------+--------+--------+-----+--------+
         Total |  10275 |  10062 |    213 |    670 |   7465 |   9 | 1141.7 |
       Dungeon |   9430 |   9228 |    202 |    401 |   7237 |   7 | 1347.1 |
        Temple |     74 |     64 |     10 |      0 |     49 |   1 |   74.0 |
         Sewer |    770 |    770 |      0 |    268 |    178 |   1 |  770.0 |
               +--------+--------+--------+--------+--------+-----+--------+

Top non-repeatable levels by time:
     D:5: 1839 daAuts
     D:6: 1834 daAuts
     D:4: 1575 daAuts
     D:2: 1246 daAuts
     D:1: 1246 daAuts
     D:3: 1050 daAuts
   Sewer: 770 daAuts
     D:7: 636 daAuts
  Temple: 74 daAuts
